3048 views
Uploaded 2020-02-02 22:46:22
Game version 1.32 / 1.32.1
17:27 long 4on4 ladder game on (8)GoldRush
Saved by BEARAND
3048 views
Uploaded 2020-02-02 22:46:22
Game version 1.32 / 1.32.1
17:27 long 4on4 ladder game on (8)GoldRush


98 units @ 12k
/ 0.8k
43 buildings @ 6.2k
/ 2.1k


| Potion of Healing | 2 | 300 |
| Orb of Corruption | 1 | 375 |
| Circlet of Nobility | 1 | 175 |
| Boots of Speed | 1 | 250 |
| total: | 5 | 1100g |
| Acolyte | 4 | 300 | / | 0 |
| Ghoul | 10 | 1200 | / | 0 |
| Crypt Fiend | 2 | 430 | / | 80 |
| Frost Wyrm | 1 | 385 | / | 120 |
| total: | 17 | 2315g | / | 200w |
| Nerubian Tower | 2 | 200 | / | 40 |
| Spirit Tower | 3 | 435 | / | 120 |
| Ziggurat | 7 | 1050 | / | 350 |
| Altar of Darkness | 1 | 180 | / | 50 |
| Crypt | 1 | 200 | / | 50 |
| Graveyard | 1 | 215 | / | 0 |
| Tomb of Relics | 1 | 130 | / | 30 |
| Sacrificial Pit | 1 | 75 | / | 150 |
| Boneyard | 2 | 350 | / | 400 |
| Halls of the Dead | 1 | 320 | / | 210 |
| Black Citadel | 1 | 325 | / | 230 |
| total: | 14 | 2200g | / | 1030w |
| 0:06 | Acolyte |
| 0:06 | Acolyte |
| 0:14 | Ziggurat |
| 0:20 | Altar of Darkness |
| 0:36 | Crypt |
| 1:04 | Ziggurat |
| 1:19 | Graveyard |
| 1:44 | Ghoul |
| 1:44 | Ghoul |
| 1:56 | Cannibalize |
| 2:26 | Nerubian Tower |
| 2:30 | Cleaving Attack |
| 2:39 | Ghoul |
| 2:39 | Ghoul |
| 3:10 | Unholy Strength |
| 3:10 | Unholy Armor |
| 3:55 | Howl of Terror |
| 4:15 | Circlet of Nobility |
| 4:25 | Ghoul |
| 4:37 | Halls of the Dead |
| 4:46 | Boots of Speed |
| 4:55 | Spirit Tower |
| 5:00 | Ghoul |
| 5:01 | Ghoul |
| 5:21 | Ziggurat |
| 5:26 | Ziggurat |
| 5:32 | Creature Attack |
| 6:01 | Creature Carapace |
| 6:23 | Nerubian Tower |
| 6:24 | Spirit Tower |
| 7:04 | Improved Creature Attack |
| 7:08 | Howl of Terror |
| 7:39 | Tomb of Relics |
| 7:49 | Crypt Fiend |
| 7:49 | Crypt Fiend |
| 8:01 | Improved Creature Carapace |
| 8:27 | Ghoul |
| 8:28 | Ghoul |
| 8:28 | Ghoul |
| 8:50 | Potion of Healing |
| 9:29 | Black Citadel |
| 9:42 | Sacrificial Pit |
| 10:26 | Ziggurat |
| 10:30 | Ziggurat |
| 10:33 | Ziggurat |
| 11:18 | Cleaving Attack |
| 11:27 | Spirit Tower |
| 11:59 | Boneyard |
| 12:06 | Boneyard |
| 12:24 | Potion of Healing |
| 12:35 | Death Coil |
| 13:20 | Web |
| 13:44 | Frost Wyrm |
| 14:31 | Advanced Creature Attack |
| 15:11 | Freezing Breath |
| 15:21 | Acolyte |
| 15:21 | Acolyte |
| 15:37 | Orb of Corruption |
| Select | 264 |
| Right click | 234 |
| Build/train/purchase | 59 |
| Use ability | 6 |
| Item give/drop | 3 |
| Wisp | 9 | 540 | / | 0 |
| Archer | 12 | 1560 | / | 120 |
| Huntress | 7 | 1365 | / | 140 |
| total: | 28 | 3465g | / | 260w |
| Altar of Elders | 1 | 180 | / | 50 |
| Moon Well | 9 | 1620 | / | 360 |
| Ancient of War | 2 | 300 | / | 120 |
| Hunter's Hall | 1 | 210 | / | 100 |
| Tree of Ages | 1 | 320 | / | 180 |
| Tree of Eternity | 1 | 330 | / | 200 |
| total: | 13 | 2310g | / | 630w |
| 0:02 | Altar of Elders |
| 0:04 | Wisp |
| 0:04 | Wisp |
| 0:08 | Moon Well |
| 0:16 | Wisp |
| 0:50 | Wisp |
| 1:00 | Wisp |
| 1:14 | Ancient of War |
| 1:19 | Wisp |
| 1:22 | Wisp |
| 1:29 | Moon Well |
| 1:44 | Wisp |
| 2:03 | Wisp |
| 3:17 | Archer |
| 3:17 | Archer |
| 3:23 | Moon Well |
| 3:40 | Archer |
| 3:46 | Ancient of War |
| 4:45 | Moon Well |
| 4:51 | Archer |
| 5:23 | Archer |
| 5:30 | Hunter's Hall |
| 5:43 | Moon Well |
| 5:49 | Archer |
| 6:48 | Moon Well |
| 6:50 | Archer |
| 6:51 | Strength of the Moon |
| 6:51 | Moon Armor |
| 8:06 | Tree of Ages |
| 8:08 | Archer |
| 8:08 | Archer |
| 9:42 | Archer |
| 9:43 | Archer |
| 9:49 | Moon Well |
| 10:37 | Archer |
| 10:47 | Moon Well |
| 10:56 | Improved Strength of the Moon |
| 10:57 | Improved Moon Armor |
| 11:38 | Improved Bows |
| 11:42 | Moon Well |
| 12:44 | Huntress |
| 12:44 | Huntress |
| 13:22 | Huntress |
| 13:22 | Huntress |
| 13:38 | Huntress |
| 13:38 | Moon Glaive |
| 13:42 | Tree of Eternity |
| 14:26 | Huntress |
| 14:32 | Huntress |
| Right click | 528 |
| Select | 276 |
| Select group | 233 |
| Build/train/purchase | 37 |
| Assign group | 14 |
| Chat | 4 |
| Minimap ping | 1 |

| Peasant | 21 | 1575 | / | 0 |
| Footman | 12 | 1620 | / | 0 |
| Rifleman | 12 | 2460 | / | 360 |
| total: | 45 | 5655g | / | 360w |
| Scout Tower | 3 | 90 | / | 60 |
| Altar of Kings | 1 | 180 | / | 50 |
| Farm | 6 | 480 | / | 120 |
| Barracks | 1 | 160 | / | 60 |
| Lumber Mill | 1 | 120 | / | 0 |
| Blacksmith | 1 | 140 | / | 60 |
| Keep | 1 | 320 | / | 210 |
| total: | 13 | 1170g | / | 350w |
| 0:04 | Peasant |
| 0:04 | Peasant |
| 0:04 | Peasant |
| 0:04 | Peasant |
| 0:04 | Peasant |
| 0:25 | Altar of Kings |
| 0:39 | Farm |
| 1:04 | Barracks |
| 1:32 | Farm |
| 1:49 | Lumber Mill |
| 2:08 | Farm |
| 2:37 | Footman |
| 2:37 | Footman |
| 2:38 | Footman |
| 2:38 | Footman |
| 2:38 | Footman |
| 3:00 | Storm Bolt |
| 3:37 | Blacksmith |
| 3:52 | Peasant |
| 3:52 | Peasant |
| 3:52 | Peasant |
| 4:25 | Footman |
| 4:25 | Footman |
| 4:25 | Footman |
| 4:54 | Farm |
| 4:56 | Iron Forged Swords |
| 4:57 | Iron Plating |
| 5:00 | Keep |
| 6:47 | Thunder Clap |
| 7:08 | Rifleman |
| 7:08 | Rifleman |
| 7:08 | Rifleman |
| 7:09 | Rifleman |
| 7:09 | Rifleman |
| 7:21 | Peasant |
| 7:23 | Steel Forged Swords |
| 7:23 | Steel Plating |
| 7:24 | Black Gunpowder |
| 7:28 | Peasant |
| 7:28 | Peasant |
| 8:16 | Farm |
| 9:13 | Farm |
| 9:36 | Peasant |
| 9:40 | Peasant |
| 9:40 | Peasant |
| 9:40 | Peasant |
| 9:40 | Peasant |
| 9:57 | Scout Tower |
| 10:42 | Rifleman |
| 10:43 | Rifleman |
| 10:43 | Footman |
| 10:43 | Footman |
| 10:43 | Footman |
| 10:43 | Footman |
| 10:48 | Peasant |
| 10:48 | Peasant |
| 10:55 | Peasant |
| 10:55 | Peasant |
| 10:55 | Peasant |
| 11:32 | Scout Tower |
| 12:11 | Scout Tower |
| 12:22 | Rifleman |
| 12:22 | Rifleman |
| 12:22 | Rifleman |
| 12:22 | Rifleman |
| 12:23 | Rifleman |
| Right click | 154 |
| Select | 109 |
| Build/train/purchase | 54 |
| Resource trade | 11 |
| Use ability | 8 |
| Remove unit | 2 |
| Peon | 8 | 600 | / | 0 |
| total: | 8 | 600g | / | 0w |
| Altar of Storms | 1 | 180 | / | 50 |
| Barracks | 1 | 180 | / | 50 |
| War Mill | 1 | 205 | / | 0 |
| total: | 3 | 565g | / | 100w |
| 0:21 | Pillage |
| 0:22 | Peon |
| 0:22 | Peon |
| 0:22 | Peon |
| 1:11 | Peon |
| 1:19 | Altar of Storms |
| 1:41 | Barracks |
| 1:48 | War Mill |
| 2:04 | Peon |
| 2:04 | Peon |
| 2:04 | Peon |
| 2:32 | Peon |
| Build/train/purchase | 9 |
| Select | 7 |
| Misc. action | 2 |
| Use ability | 1 |
97 units @ 8.8k
/ 0.7k
147 buildings @ 11.9k
/ 6.1k
| Peasant | 8 | 600 | / | 0 |
| total: | 8 | 600g | / | 0w |
| Scout Tower | 4 | 120 | / | 80 |
| Guard Tower | 1 | 70 | / | 50 |
| Altar of Kings | 1 | 180 | / | 50 |
| Lumber Mill | 1 | 120 | / | 0 |
| Farm | 2 | 160 | / | 40 |
| total: | 8 | 580g | / | 170w |
| 0:03 | Peasant |
| 0:04 | Peasant |
| 0:04 | Peasant |
| 0:22 | Altar of Kings |
| 0:33 | Peasant |
| 0:33 | Peasant |
| 0:51 | Lumber Mill |
| 1:17 | Peasant |
| 1:17 | Peasant |
| 1:17 | Peasant |
| 1:20 | Scout Tower |
| 1:37 | Farm |
| 1:46 | Farm |
| 2:08 | Scout Tower |
| 2:19 | Guard Tower |
| 2:26 | Scout Tower |
| 2:37 | Scout Tower |
| Select | 29 |
| Right click | 19 |
| Build/train/purchase | 11 |


| Healing Salve | 2 | 200 |
| total: | 2 | 200g |
| Peon | 17 | 1275 | / | 0 |
| Troll Batrider | 4 | 640 | / | 160 |
| total: | 21 | 1915g | / | 160w |
| Watch Tower | 7 | 770 | / | 560 |
| Altar of Storms | 1 | 180 | / | 50 |
| Orc Burrow | 3 | 480 | / | 120 |
| War Mill | 1 | 205 | / | 0 |
| Voodoo Lounge | 2 | 260 | / | 60 |
| Great Hall | 2 | 770 | / | 370 |
| Beastiary | 4 | 580 | / | 560 |
| Stronghold | 1 | 315 | / | 190 |
| Fortress | 1 | 325 | / | 190 |
| total: | 20 | 3245g | / | 1720w |
| 0:02 | Peon |
| 0:02 | Peon |
| 0:06 | Altar of Storms |
| 0:19 | Orc Burrow |
| 0:25 | Peon |
| 0:43 | Peon |
| 0:49 | War Mill |
| 0:58 | Peon |
| 1:08 | Voodoo Lounge |
| 1:13 | Peon |
| 1:21 | Peon |
| 1:35 | Peon |
| 1:45 | Orc Burrow |
| 1:55 | Peon |
| 2:06 | Watch Tower |
| 2:09 | Wind Walk |
| 2:13 | Healing Salve |
| 2:34 | Peon |
| 2:36 | Watch Tower |
| 2:50 | Watch Tower |
| 3:18 | Peon |
| 3:18 | Peon |
| 3:33 | Peon |
| 3:38 | Watch Tower |
| 4:11 | Great Hall |
| 4:31 | Stronghold |
| 5:00 | Watch Tower |
| 5:03 | Watch Tower |
| 5:19 | Orc Burrow |
| 5:23 | Watch Tower |
| 6:48 | Peon |
| 6:48 | Peon |
| 6:48 | Peon |
| 6:49 | Peon |
| 7:24 | Beastiary |
| 7:26 | Beastiary |
| 7:28 | Fortress |
| 7:33 | Critical Strike |
| 7:49 | Beastiary |
| 7:52 | Beastiary |
| 7:57 | Hex |
| 8:01 | Healing Salve |
| 8:11 | Steel Ranged Weapons |
| 8:12 | Reinforced Defenses |
| 8:57 | Troll Batrider |
| 9:16 | Thorium Ranged Weapons |
| 9:40 | Troll Batrider |
| 9:50 | Voodoo Lounge |
| 9:54 | Liquid Fire |
| 10:11 | Troll Batrider |
| 11:29 | Arcanite Ranged Weapons |
| 11:57 | Healing Wave |
| 12:35 | Troll Batrider |
| 13:12 | Critical Strike |
| 13:54 | Steel Armor |
| 14:20 | Great Hall |
| 14:59 | Healing Wave |
| 15:17 | Thorium Armor |
| 16:04 | Wind Walk |
| 16:50 | Hex |
| 17:24 | Arcanite Armor |
| Right click | 811 |
| Select group | 294 |
| Select | 226 |
| Misc. action | 129 |
| Build/train/purchase | 50 |
| Use ability | 13 |
| Assign group | 6 |
| Minimap ping | 2 |
| Item give/drop | 1 |



| Staff of Sanctuary | 2 | 500 |
| Potion of Healing | 1 | 150 |
| Potion of Mana | 3 | 600 |
| Orb of Fire | 1 | 325 |
| Boots of Speed | 3 | 750 |
| Staff of Teleportation | 3 | 450 |
| Periapt of Vitality | 1 | 325 |
| Circlet of Nobility | 1 | 175 |
| Healing Salve | 3 | 300 |
| total: | 18 | 3575g |
| Peasant | 16 | 1200 | / | 0 |
| Priest | 1 | 135 | / | 10 |
| Sorceress | 1 | 155 | / | 20 |
| total: | 18 | 1490g | / | 30w |
| Scout Tower | 44 | 1320 | / | 880 |
| Arcane Tower | 4 | 280 | / | 200 |
| Guard Tower | 21 | 1470 | / | 1050 |
| Altar of Kings | 1 | 180 | / | 50 |
| Farm | 4 | 320 | / | 80 |
| Lumber Mill | 1 | 120 | / | 0 |
| Town Hall | 1 | 385 | / | 205 |
| Arcane Vault | 2 | 260 | / | 60 |
| Arcane Sanctum | 1 | 150 | / | 140 |
| Keep | 1 | 320 | / | 210 |
| Castle | 1 | 360 | / | 210 |
| total: | 54 | 2735g | / | 1415w |
| 0:03 | Peasant |
| 0:03 | Peasant |
| 0:09 | Altar of Kings |
| 0:19 | Farm |
| 0:21 | Peasant |
| 0:42 | Farm |
| 0:50 | Peasant |
| 0:51 | Peasant |
| 0:51 | Peasant |
| 1:09 | Lumber Mill |
| 1:12 | Scout Tower |
| 1:27 | Peasant |
| 1:27 | Peasant |
| 1:41 | Arcane Tower |
| 1:43 | Scout Tower |
| 1:46 | Peasant |
| 2:08 | Blizzard |
| 2:22 | Guard Tower |
| 2:23 | Scout Tower |
| 2:24 | Scout Tower |
| 2:26 | Improved Masonry |
| 2:27 | Peasant |
| 2:27 | Peasant |
| 2:27 | Peasant |
| 2:27 | Peasant |
| 3:09 | Guard Tower |
| 3:10 | Scout Tower |
| 3:11 | Scout Tower |
| 3:11 | Scout Tower |
| 3:11 | Scout Tower |
| 3:33 | Guard Tower |
| 3:33 | Guard Tower |
| 3:34 | Keep |
| 3:35 | Scout Tower |
| 3:35 | Scout Tower |
| 3:36 | Scout Tower |
| 3:36 | Scout Tower |
| 3:36 | Scout Tower |
| 3:36 | Scout Tower |
| 4:00 | Farm |
| 4:01 | Farm |
| 4:02 | Guard Tower |
| 4:05 | Guard Tower |
| 4:07 | Scout Tower |
| 4:08 | Scout Tower |
| 4:08 | Scout Tower |
| 4:09 | Scout Tower |
| 4:11 | Scout Tower |
| 4:12 | Scout Tower |
| 4:12 | Scout Tower |
| 4:13 | Scout Tower |
| 4:13 | Advanced Masonry |
| 4:14 | Imbued Masonry |
| 4:28 | Guard Tower |
| 4:42 | Healing Salve |
| 5:17 | Guard Tower |
| 5:19 | Peasant |
| 5:19 | Peasant |
| 5:32 | Guard Tower |
| 5:34 | Town Hall |
| 5:37 | Scout Tower |
| 5:37 | Scout Tower |
| 5:37 | Scout Tower |
| 5:38 | Scout Tower |
| 5:38 | Scout Tower |
| 5:39 | Scout Tower |
| 5:40 | Scout Tower |
| 5:40 | Scout Tower |
| 5:41 | Scout Tower |
| 5:41 | Scout Tower |
| 5:48 | Arcane Vault |
| 5:53 | Guard Tower |
| 6:04 | Guard Tower |
| 6:08 | Scout Tower |
| 6:08 | Scout Tower |
| 6:11 | Brilliance Aura |
| 6:30 | Guard Tower |
| 7:15 | Boots of Speed |
| 7:21 | Storm Bolt |
| 7:39 | Boots of Speed |
| 7:44 | Guard Tower |
| 7:46 | Peasant |
| 7:57 | Guard Tower |
| 7:58 | Guard Tower |
| 8:10 | Improved Lumber Harvesting |
| 8:10 | Advanced Lumber Harvesting |
| 8:54 | Castle |
| 8:58 | Arcane Vault |
| 9:00 | Arcane Tower |
| 9:02 | Arcane Sanctum |
| 9:05 | Scout Tower |
| 9:06 | Scout Tower |
| 9:07 | Scout Tower |
| 9:07 | Scout Tower |
| 9:07 | Scout Tower |
| 9:08 | Scout Tower |
| 9:08 | Scout Tower |
| 9:09 | Scout Tower |
| 9:09 | Scout Tower |
| 9:09 | Scout Tower |
| 9:13 | Healing Salve |
| 9:19 | Healing Salve |
| 10:18 | Magic Sentry |
| 10:19 | Priest |
| 10:19 | Priest Adept Training |
| 10:20 | Sorceress |
| 10:20 | Sorceress Adept Training |
| 10:21 | Arcane Tower |
| 11:37 | Guard Tower |
| 11:48 | Staff of Teleportation |
| 11:49 | Periapt of Vitality |
| 11:54 | Circlet of Nobility |
| 12:20 | Blizzard |
| 12:39 | Staff of Sanctuary |
| 12:40 | Potion of Healing |
| 12:40 | Potion of Mana |
| 12:41 | Potion of Mana |
| 12:49 | Holy Light |
| 12:57 | Bash |
| 13:11 | Staff of Teleportation |
| 13:11 | Boots of Speed |
| 13:31 | Guard Tower |
| 14:56 | Staff of Sanctuary |
| 14:59 | Potion of Mana |
| 15:05 | Orb of Fire |
| 15:13 | Staff of Teleportation |
| Right click | 1664 |
| Select | 412 |
| Select group | 255 |
| Build/train/purchase | 90 |
| Use ability | 59 |
| Chat | 45 |
| Assign group | 8 |
| Minimap ping | 8 |
| Misc. action | 6 |
| Item give/drop | 4 |
ChuckleMan
(103)
(17:27) : 


| Staff of Teleportation | 2 | 300 |
| Boots of Speed | 2 | 500 |
| Scroll of Speed | 1 | 50 |
| total: | 5 | 850g |
| Peasant | 41 | 3075 | / | 0 |
| Siege Engine | 9 | 1755 | / | 540 |
| total: | 50 | 4830g | / | 540w |
| Scout Tower | 27 | 810 | / | 540 |
| Arcane Tower | 3 | 210 | / | 150 |
| Guard Tower | 9 | 630 | / | 450 |
| Altar of Kings | 1 | 180 | / | 50 |
| Farm | 21 | 1680 | / | 420 |
| Lumber Mill | 2 | 240 | / | 0 |
| Town Hall | 2 | 770 | / | 410 |
| Blacksmith | 4 | 560 | / | 240 |
| Workshop | 8 | 1120 | / | 1120 |
| Keep | 3 | 960 | / | 630 |
| Castle | 2 | 720 | / | 420 |
| total: | 65 | 5360g | / | 2780w |
| 0:03 | Peasant |
| 0:03 | Peasant |
| 0:07 | Altar of Kings |
| 0:30 | Farm |
| 0:51 | Peasant |
| 0:52 | Peasant |
| 0:52 | Peasant |
| 1:11 | Lumber Mill |
| 1:12 | Peasant |
| 1:14 | Farm |
| 1:17 | Scout Tower |
| 1:25 | Blizzard |
| 1:33 | Peasant |
| 1:33 | Peasant |
| 2:22 | Peasant |
| 2:22 | Peasant |
| 2:23 | Peasant |
| 2:28 | Arcane Tower |
| 2:30 | Scout Tower |
| 2:33 | Scout Tower |
| 2:35 | Scout Tower |
| 3:13 | Flame Strike |
| 3:16 | Guard Tower |
| 3:28 | Scroll of Speed |
| 3:34 | Peasant |
| 3:34 | Peasant |
| 3:35 | Peasant |
| 3:35 | Peasant |
| 3:37 | Guard Tower |
| 4:19 | Scout Tower |
| 4:20 | Scout Tower |
| 4:21 | Scout Tower |
| 4:21 | Scout Tower |
| 4:23 | Scout Tower |
| 4:27 | Peasant |
| 4:27 | Peasant |
| 4:28 | Peasant |
| 4:34 | Lumber Mill |
| 4:46 | Peasant |
| 4:46 | Peasant |
| 4:49 | Farm |
| 4:51 | Guard Tower |
| 5:23 | Farm |
| 5:27 | Peasant |
| 5:27 | Peasant |
| 5:27 | Peasant |
| 5:27 | Peasant |
| 5:27 | Peasant |
| 5:28 | Peasant |
| 5:43 | Keep |
| 5:45 | Brilliance Aura |
| 5:54 | Arcane Tower |
| 5:55 | Guard Tower |
| 6:06 | Town Hall |
| 6:29 | Staff of Teleportation |
| 6:29 | Boots of Speed |
| 7:07 | Guard Tower |
| 7:18 | Guard Tower |
| 7:33 | Peasant |
| 7:33 | Peasant |
| 7:34 | Peasant |
| 7:34 | Peasant |
| 7:34 | Peasant |
| 7:34 | Peasant |
| 7:34 | Peasant |
| 7:35 | Peasant |
| 7:39 | Farm |
| 7:39 | Farm |
| 8:07 | Castle |
| 8:10 | Farm |
| 9:10 | Flame Strike |
| 9:15 | Arcane Tower |
| 9:17 | Keep |
| 9:20 | Town Hall |
| 9:25 | Scout Tower |
| 9:26 | Scout Tower |
| 9:27 | Scout Tower |
| 9:28 | Scout Tower |
| 9:28 | Scout Tower |
| 9:29 | Scout Tower |
| 9:30 | Scout Tower |
| 9:32 | Scout Tower |
| 9:32 | Scout Tower |
| 9:33 | Scout Tower |
| 9:34 | Scout Tower |
| 9:34 | Scout Tower |
| 9:35 | Scout Tower |
| 9:35 | Scout Tower |
| 9:35 | Scout Tower |
| 9:36 | Scout Tower |
| 9:37 | Scout Tower |
| 9:37 | Scout Tower |
| 9:44 | Staff of Teleportation |
| 9:45 | Boots of Speed |
| 10:14 | Guard Tower |
| 10:38 | Blizzard |
| 10:50 | Guard Tower |
| 11:30 | Guard Tower |
| 11:33 | Blacksmith |
| 11:36 | Blacksmith |
| 11:38 | Improved Lumber Harvesting |
| 11:38 | Improved Masonry |
| 11:40 | Farm |
| 11:41 | Farm |
| 11:41 | Farm |
| 11:41 | Farm |
| 11:42 | Farm |
| 11:42 | Farm |
| 11:42 | Farm |
| 11:43 | Farm |
| 11:54 | Castle |
| 12:01 | Blacksmith |
| 12:03 | Blacksmith |
| 12:10 | Peasant |
| 12:11 | Peasant |
| 12:11 | Peasant |
| 12:12 | Peasant |
| 12:43 | Siphon Mana |
| 13:01 | Workshop |
| 13:02 | Workshop |
| 13:03 | Workshop |
| 13:04 | Workshop |
| 13:15 | Black Gunpowder |
| 13:15 | Iron Plating |
| 13:16 | Refined Gunpowder |
| 13:16 | Steel Plating |
| 13:20 | Workshop |
| 13:23 | Workshop |
| 13:24 | Workshop |
| 13:27 | Workshop |
| 13:30 | Farm |
| 13:31 | Farm |
| 13:34 | Farm |
| 13:34 | Farm |
| 13:35 | Farm |
| 13:35 | Farm |
| 14:05 | Advanced Lumber Harvesting |
| 14:05 | Advanced Masonry |
| 14:12 | Siege Engine |
| 14:22 | Imbued Gunpowder |
| 14:23 | Mithril Plating |
| 14:32 | Siege Engine |
| 14:32 | Siege Engine |
| 14:33 | Siege Engine |
| 14:33 | Siege Engine |
| 15:08 | Siege Engine |
| 15:44 | Peasant |
| 15:45 | Peasant |
| 15:45 | Peasant |
| 16:17 | Rain of Fire |
| 16:23 | Siege Engine |
| 16:23 | Siege Engine |
| 16:55 | Brilliance Aura |
| 16:59 | Siege Engine |
| Right click | 541 |
| Select group | 211 |
| Select | 178 |
| Build/train/purchase | 120 |
| Use ability | 42 |
| Assign group | 22 |
| Misc. action | 14 |
| Resource trade | 13 |
| Chat | 7 |
| Remove unit | 1 |
| Esc | 1 |